 Dungeon Crawl Stone Soup version 0.18.1-6-gd335043 (webtiles) character file.

3628 seren the Grappler (level 10, -4/90 (91) HPs)
             Began as a Ghoul Monk on May 20, 2016.
             Was an Elder of Makhleb.
             Slain by a troll (8 damage)
             ... on level 9 of the Dungeon.
             The game lasted 00:56:51 (10061 turns).

seren the Grappler (Ghoul Monk)                    Turns: 10061, Time: 00:56:51

HP:   -4/90 (91)    AC:  7    Str: 16    XL:     10   Next: 11%
MP:   12/12         EV: 14    Int:  5    God:    Makhleb [****..]
Gold: 401           SH:  4    Dex: 14    Spells: 0 memorised, 9 levels left

rFire  . . .     SeeInvis .       - Unarmed
rCold  + . .     Gourm    .     a - +0 robe
rNeg   + + +     Faith    .     (no shield)
rPois  ∞         Spirit   .     l - +0 helmet
rElec  .         Dismiss  .     N - +1 cloak
rCorr  .         Reflect  +     (no gloves)
SustAt .         Harm     .     u - +1 pair of boots
MR     .....                    I - +4 amulet of reflection
Stlth  ++........               (no ring)
                                B - ring of flight

@: rotting, not resistant to hostile enchantments, unstealthy
A: rotting body, claws 1, carnivore 3, cold resistance 1, negative energy
resistance 3, slow regeneration 1, torment resistance, unbreathing
a: Minor Destruction, Lesser Servant of Makhleb, Major Destruction, Renounce
Religion, Evoke Flight


You were on level 9 of the Dungeon.
You worshipped Makhleb.
Makhleb was greatly pleased with you.
You were not hungry.

You visited 2 branches of the dungeon, and saw 11 of its levels.

You collected 569 gold pieces.
You spent 168 gold pieces at shops.

Inventory:

Hand Weapons
 v - a +4 whip
 J - a +2 dagger of venom
Missiles
 t - 6 javelins (quivered)
 R - 3 curare-tipped needles
Armour
 a - a +0 robe (worn)
 d - a +0 pair of gloves
 k - a +0 ring mail
 l - a +0 helmet (worn)
 r - a +0 shield
 u - a +1 pair of boots (worn)
 N - a +1 cloak (worn)
Jewellery
 p - an uncursed ring of fire
 B - a ring of flight (left claw)
 I - a +4 amulet of reflection (around neck)
Wands
 y - a wand of flame (35/48)
 E - a wand of hasting (3/9)
 K - a wand of random effects (24/48)
 O - a wand of slowing (16/48)
 P - a wand of random effects (30/48)
 Q - a wand of digging (8/24)
 V - a wand of acid (6/15)
Scrolls
 c - 4 scrolls of amnesia
 e - 14 scrolls of remove curse
 f - 2 scrolls of magic mapping {unknown}
 i - a scroll of enchant armour
 n - 3 scrolls of fog
 q - a scroll of blinking {unknown}
 s - 4 scrolls of teleportation
 w - a scroll of recharging {unknown}
 C - 2 scrolls of random uselessness {unknown}
 D - a scroll of summoning {unknown}
 F - 4 scrolls of identify
 H - a scroll of noise {unknown}
 L - a scroll of fear
 U - a scroll of vulnerability {unknown}
 W - a scroll of acquirement {unknown}
Potions
 g - 2 potions of heal wounds
 h - 4 potions of curing
 o - 6 potions of brilliance
 x - 2 potions of might
 z - a potion of flight {unknown}
 A - 2 potions of cancellation
 G - a potion of invisibility {unknown}
 M - a potion of cure mutation {unknown}
 T - a potion of resistance {unknown}
Books
 S - a book of Power

   Spells                             Type                      Level
   a - Fulminant Prism                Conjuration/Hexes            4
   b - Iskenderun's Mystic Blast      Conjuration                  4
   c - Venom Bolt                     Conjuration/Poison           5
   d - Bolt of Magma                  Conjuration/Fire/Earth       5
   e - Iron Shot                      Conjuration/Earth            6
   f - Orb of Destruction             Conjuration                  7
   g - Spellforged Servitor           Conjuration/Summoning        7
Comestibles
 b - 2 meat rations
 j - 5 beef jerkies
 m - a slice of pizza


   Skills:
 + Level 9.1 Fighting
 + Level 2.9 Armour
 + Level 4.8 Dodging
 - Level 2.1 Stealth
 * Level 10.9 Unarmed Combat
 + Level 5.1 Invocations


You had 9 spell levels left.
You didn't know any spells.

Dungeon Overview and Level Annotations

Branches:
Dungeon (10/15)            Temple (1/1) D:6
   Lair: D:8-11         Orc: D:9-12

Altars:
Ashenzari
Cheibriados
Dithmenos
Elyvilon
Fedhas
Gozag
Kikubaaqudgha
Makhleb
Nemelex Xobeh
Okawaru
Pakellas
Qazlal
Ru
Sif Muna
Trog
Vehumet
Xom
Yredelemnul
Zin
The Shining One

Shops:
D:4 }?%(*   D:7 ?

Annotations:
D:3 zeroDi's ghost, amateur VSAs
D:7 need flight to access vault
D:8 exclusion: centaur
D:9 !unseen horror, exclusion: two-headed ogre


Innate Abilities, Weirdness & Mutations

Your body is rotting away.
You thrive on raw meat.
You are immune to poison.
You have sharp fingernails.
You are carnivorous and can eat meat at any time.
Your flesh is cold resistant.
You are immune to negative energy.
You regenerate slowly when monsters are visible.
You are immune to unholy pain and torment.
You can survive without breathing.


Message History

Something hits you.
The troll barely misses you. x2; The troll claws you!
You scratch the troll.
The troll is heavily wounded.
Something barely misses you.
You barely miss the troll.
The troll is heavily wounded.
Something hits you. The troll bites you. You block the troll's attack.
The troll barely misses you.
You closely miss the troll.
The troll is moderately wounded.
Something hits you but does no damage. Something hits you. The troll bites you!
* * * LOW HITPOINT WARNING * * *
The troll claws you but does no damage. The troll claws you.
* * * LOW HITPOINT WARNING * * *
You scratch the troll. You claw the troll.
The troll is heavily wounded.
Something hits you but does no damage. The troll bites you!
* * * LOW HITPOINT WARNING * * *
The troll claws you!
You die...

....#._.#......#...#....##.[#....
....#...#......#...#.............
'####.§.#......#..###..>##.......
....#...#..#####..###...##<..####
....##.##..'............##...#
.....#.#...#.................#
.....#.#...#####'#####'###...#
###......................#####
..#.............@T...........#
..#..........................#
..#..........................#
..#......................(...#
#'#[.....................#####
....##########......###### ....#
#.....'......# ....#
#.....#......# #########
....#####...##......#####....#..#


You could see a troll.

Vanquished Creatures
  A spriggan (D:7)
  2 hungry ghosts
  2 hippogriffs (D:8)
  2 phantoms
  3 orc warriors
  A black bear (D:6)
  2 centaurs
  An eye of draining (D:8)
  7 ogres
  3 giant frogs
  3 killer bees (D:9)
  5 wights (D:6)
  8 crimson imps
  A centaur zombie (D:7)
  6 orc priests
  6 orc wizards
  A jelly (D:6)
  An iguana (D:7)
  3 worker ants
  9 adders
  A shadow imp (D:7)
  An ooze (D:3)
  3 adder skeletons
  2 worms (D:2)
  9 giant geckos
  28 orcs
  3 ball pythons
  10 giant cockroaches
  4 goblins
  8 hobgoblins
  12 jackals
  4 quokkas
  7 bats
  A giant gecko zombie (D:5)
  7 giant newts
  A jackal skeleton (D:6)
  12 kobolds
  10 rats
190 creatures vanquished.

Notes
Turn   | Place    | Note
--------------------------------------------------------------
     0 | D:1      | seren the Ghoul Monk began the quest for the Orb.
     0 | D:1      | Reached XP level 1. HP: 19/19 MP: 0/0
   133 | D:1      | Reached XP level 2. HP: 26/26 MP: 1/1
   606 | D:1      | Reached skill level 5 in Unarmed Combat
   629 | D:1      | Reached XP level 3. HP: 29/33 MP: 2/2
   820 | D:1      | HP: 1/33 [jackal (3)]
  1105 | D:2      | Reached XP level 4. HP: 33/39 MP: 3/3
  1163 | D:2      | Found a shattered altar of Ashenzari.
  1266 | D:2      | Found a sparkling altar of Nemelex Xobeh.
  1845 | D:3      | Reached XP level 5. HP: 45/45 MP: 4/4
  1941 | D:3      | Found an iron altar of Okawaru.
  1990 | D:3      | Reached skill level 5 in Fighting
  2088 | D:3      | Noticed a phantom
  2202 | D:3      | Killed a phantom
  2202 | D:3      | Reached skill level 6 in Unarmed Combat
  2202 | D:3      | Reached XP level 6. HP: 13/56 MP: 5/5
  2583 | D:3      | Noticed zeroDi's ghost (amateur VSAs)
  2846 | D:4      | Found Eczuastruiqa's Magic Scroll Shoppe.
  2865 | D:4      | Found Gynnezirr's Food Boutique.
  2886 | D:4      | Bought a scroll of identify for 28 gold pieces
  2886 | D:4      | Bought a scroll of identify for 28 gold pieces
  3143 | D:4      | Found Qaussilo's Weapon Emporium.
  3181 | D:4      | Found Ozynohad's Gadget Shoppe.
  3342 | D:4      | Found Vydiupt's General Store.
  3589 | D:5      | Entered Level 5 of the Dungeon
  3875 | D:5      | Reached skill level 7 in Unarmed Combat
  3970 | D:5      | Reached XP level 7. HP: 61/64 MP: 6/6
  5009 | D:6      | Reached skill level 8 in Unarmed Combat
  5423 | D:6      | Found a staircase to the Ecumenical Temple.
  5431 | Temple   | Entered the Ecumenical Temple
  5505 | Temple   | Became a worshipper of Makhleb the Destroyer
  5505 | Temple   | Reached * piety under Makhleb
  5505 | Temple   | Reached ** piety under Makhleb
  5569 | D:6      | Reached XP level 8. HP: 33/72 MP: 7/7
  5803 | D:6      | Reached skill level 1 in Invocations
  6403 | D:6      | Reached skill level 9 in Unarmed Combat
  6515 | D:6      | Found a shimmering altar of Xom.
  7036 | D:7      | Reached XP level 9. HP: 72/81 MP: 10/10
  7086 | D:7      | Found Deotoh's Magic Scroll Boutique.
  7094 | D:7      | Bought a scroll of identify for 30 gold pieces
  7094 | D:7      | Bought a scroll of identify for 30 gold pieces
  7094 | D:7      | Bought a scroll of fear for 52 gold pieces
  7211 | D:7      | Reached *** piety under Makhleb
  7237 | D:7      | Found a stormy altar of Qazlal.
  7239 | D:7      | Found a glowing silver altar of Zin.
  7241 | D:7      | Found a deep blue altar of Sif Muna.
  7243 | D:7      | Found a bloodstained altar of Trog.
  7274 | D:7      | Reached skill level 1 in Armour
  7624 | D:7      | Reached skill level 10 in Unarmed Combat
  8345 | D:8      | Found a deep blue altar of Sif Muna.
  8931 | D:9      | Found a blossoming altar of Fedhas.
  9017 | D:9      | Reached **** piety under Makhleb
  9017 | D:9      | Reached XP level 10. HP: 91/91 MP: 12/12
  9238 | D:9      | Found a bloodstained altar of Trog.
  9277 | D:9      | Reached skill level 5 in Invocations
  9816 | D:10     | Entered Level 10 of the Dungeon
  9920 | D:10     | Noticed a hill giant
 10061 | D:9      | HP: 4/90 [troll (15)]
 10061 | D:9      | Slain by a troll

Skill      XL: |  1  2  3  4  5  6  7  8  9 10 |
---------------+-------------------------------+-----
Unarmed Combat | 5 6 7 8 9 10 | 10.9
Fighting       | 4 5 6 7 8 9 |  9.1
Invocations    | 3 4 5 |  5.1
Dodging        | 3 4 |  4.8
Armour         | 2 |  2.9
Stealth        | |  2.1

Action                   |  1- 3 |  4- 6 |  7- 9 | 10-12 || total
-------------------------+-------+-------+-------+-------++-------
Melee: Unarmed           |    74 |   196 |   367 |    33 ||   670
       Punch             |     1 |     4 |    12 |     1 ||    18
Invok: Minor Destruction |       |       |     2 |       ||     2
  Use: Scroll            |       |     6 |     8 |     1 ||    15
 Stab: Sleeping          |     1 |     8 |     9 |       ||    18
       Distracted        |       |       |     2 |       ||     2
  Eat: Chunk             |    11 |    30 |    54 |     9 ||   104
Armor: Robe              |    37 |    28 |    55 |     7 ||   127
Dodge: Dodged            |    87 |   112 |   173 |    21 ||   393
Block: Other             |       |       |    26 |     3 ||    29
